AoeStats
← Master Zio

Arena

510217119Analyzed
1v1 RM · 1d ago on Sep 30, 2026· 43m 15s· 2 players
Game mode
Random Map
Map size
Tiny (2 player)
Population
200
Speed
Normal
Resources
Standard
Victory
Conquest
Starting age
Dark Age
Ending age
Imperial Age
RankedLock teamsTeams togetherTeam positionsShared explorationLock speedFull tech treeHidden civsTurbo modeCheats
Victory
Defeat
🇦🇷 Vietnamese · Argentina
933
+16
🇨🇱 Muisca · Chile
941
-16
Master Zio
2:28 Loom
11:38 Feudal Age
15:27 Castle Age
13:35 Double-Bit Axe
15:01 Horse Collar
17:04 Bow Saw
21:47 Wheelbarrow
21:20 Heavy Plow
22:46 Fletching
24:18 Hand Cart
29:16 Imperial Age
27:51 Gold Mining
28:22 Stone Mining
29:48 Bodkin Arrow
29:53 Padded Archer Armor
32:33 Two-Man Saw
32:41 Leather Archer Armor
34:44 Chemistry
34:05 Ballistics
34:32 Bracer
35:11 Crop Rotation
35:42 Elite Rattan Archer
37:43 Stone Shaft Mining
39:48 Husbandry
39:59 Bloodlines
39:09 Light Cavalry
39:31 Cavalier
40:19 Scale Barding Armor
40:44 Ring Archer Armor
lerbismancillag
0:28 Loom
11:22 Feudal Age
16:18 Castle Age
14:32 Horse Collar
14:40 Double-Bit Axe
23:23 Fletching
26:57 Wheelbarrow
30:16 Gold Mining
34:01 Imperial Age
31:40 Heavy Plow
31:58 Forging
32:30 Champi Runner
33:11 Squires
33:11 Bodkin Arrow
33:17 Padded Archer Armor
33:52 Iron Casting
33:18 Scale Mail Armor
33:52 Champi Warrior
39:19 Imperial Age
37:41 Bow Saw
37:38 Herbalism
38:35 Chain Mail Armor
38:36 Leather Archer Armor
39:29 Thumb Ring
43:21 Chemistry
Connection lost

Rejoining the realm…

Still unreachable

The connection could not be restored.

Session expired

The server has moved on; the page needs a fresh start.